 Dungeon Crawl Stone Soup version 0.27-a0-1281-ge233d83751 (webtiles) character file.

Game seed: 12100223733732833688

1508 Zonian the Destroyer (level 8, -1/44 HPs)
             Began as a Tengu Conjurer on June 14, 2021.
             Was a Believer of Uskayaw.
             Slain by a shadow (4 damage)
             ... on level 5 of the Dungeon.
             The game lasted 00:09:52 (9762 turns).

Zonian the Destroyer (Tengu Conjurer)               Turns: 9762, Time: 00:09:54

Health: -1/44      AC:  3    Str:  8    XL:     8   Next: 82%
Magic:  14/18      EV: 15    Int: 21    God:    Uskayaw [**....]
Gold:   153        SH:  5    Dex: 12    Spells: 16/19 levels left

rFire    . . .     SeeInvis .   j - +0 whip
rCold    . . .     Faith    .   (no shield)
rNeg     . . .     Spirit   .   a - +0 robe
rPois    +         Reflect  +   (helmet restricted)
rElec    .         Harm     .   u - +0 cloak
rCorr    .         Rampage  .   (no gloves)
Will     .....                  (boots unavailable)
Stlth    +++.......             k - amulet of reflection
HPRegen  0.14/turn              i - ring of poison resistance
MPRegen  0.16/turn              (no ring)

@: flying quickly and evasively, quick
A: beak, talons 3, nimble flight
a: Renounce Religion, Stomp, Line Pass


You were on level 5 of the Dungeon.
You worshipped Uskayaw.
Uskayaw was noncommittal.
You visited 1 branch of the dungeon, and saw 7 of its levels.

You collected 153 gold pieces.

Inventory:

Hand Weapons
 d - a +0 spear
 e - a +0 war axe
 f - a +1 vampiric dagger
 j - a +0 whip (weapon)
Missiles
 c - 3 throwing nets
 n - 15 boomerangs
Armour
 a - a +0 robe (worn)
 u - a +0 cloak (worn)
Magical Staves
 o - a staff of poison
Jewellery
 i - a ring of poison resistance (left hand)
 k - an amulet of reflection (around neck)
Wands
 s - a wand of polymorph (10)
Potions
 b - 2 potions of ambrosia
 g - 4 potions of lignification
 h - a potion of cancellation
 m - a potion of heal wounds
 p - a potion of might {unknown}
 q - a potion of flight {unknown}
 r - 2 potions of curing
 t - a potion of invisibility {unknown}
 w - 2 potions of magic {unknown}


   Skills:
 + Level 1.9 Fighting
 + Level 0.2 Maces & Flails
 + Level 3.1 Dodging
 + Level 4.7 Stealth
 + Level 0.5 Shields
 + Level 6.2 Spellcasting
 + Level 10.2 Conjurations


You had 16 spell levels left.
You knew the following spells:

 Your Spells              Type           Power      Damage    Failure   Level
a - Magic Dart            Conj           100%       1d8       1%          1
b - Searing Ray           Conj           98%        3d7       1%          2

Your spell library contained the following spells:

 Spells                   Type           Power      Damage    Failure   Level
 Foxfire                  Conj/Fire      100%       2x1d9     1%          1
 Conjure Flame            Conj/Fire      28%        6-21      3%          3
 Dazzling Flash           Conj/Hex       56%        N/A       3%          3
 Corona                   Hex            6%         N/A       10%         1
 Fulminant Prism          Conj/Hex       14%        3d9       12%         4
 Iskenderun's Mystic Bla  Conj/Tloc      28%        2d7       12%         4
 Sticky Flame             Conj/Fire      28%        2d5       12%         4
 Ensorcelled Hibernation  Hex/Ice        12%        N/A       14%         2
 Confusing Touch          Hex            6%         N/A       28%         3
 Inner Flame              Hex/Fire       6%         N/A       28%         3
 Tukima's Dance           Hex            6%         N/A       28%         3
 Fireball                 Conj/Fire      14%        3d8       32%         5


Dungeon Overview and Level Annotations

Branches:
Dungeon (7/15)             Temple (0/1) D:4

Altars:
Ashenzari
Elyvilon
Fedhas
Qazlal
Uskayaw

Shops:
D:1 (   D:5 *

Annotations:
D:3 1 runed translucent door, Crazy Yiuf
D:5 3 runed translucent doors, deletemesenpai's ghost, novice HOFi
D:6 Blork the orc


Innate Abilities, Weirdness & Mutations

You have a beak for a mouth.
You have claws for feet.
Your magical nature lets you fly swiftly and evasively.


Message History

You start waiting.
A shadow is nearby!
Unknown command.
The magic dart hits the shadow.
The shadow is lightly damaged.
The magic dart hits the shadow.
The shadow is moderately damaged.
The magic dart hits the shadow.
The shadow is moderately damaged.
The shadow slips into darkness.
The shadow flickers and vanishes!
Deactivating autopickup; reactivate with Ctrl-A.
You can now pass through a line of other dancers.
You can't see any susceptible monsters within range! (Use Z to cast anyway.)
You can't see any susceptible monsters within range! (Use Z to cast anyway.)
You can't see any susceptible monsters within range! (Use Z to cast anyway.) Unknown command.
You hit something but do no damage. You claw something.
The shadow strikes at you from the darkness!
Ouch! That really hurt!
* * * LOW HITPOINT WARNING * * *
Reactivating autopickup.
You hit the shadow. Your kick misses the shadow.
The shadow is heavily damaged.
The shadow hits you!
* * * LOW HITPOINT WARNING * * *
You barely miss the shadow. You peck the shadow.
The shadow is severely damaged.
The shadow misses you.
Unknown command.
Casting: Magic Dart (safe; 1% risk of failure)
Confirm with . or Enter, or press ? or * to list all spells.
Aiming: Searing Ray (safe; 1% risk of failure)
Press: ? - help, Shift-Dir - straight line, f/p - shadow
Aim: a shadow (heavily damaged, 83% to hit)
The searing ray hits the shadow.
The shadow is severely damaged. (Press . to maintain the ray.)
The shadow hits you.
You die...

#.. ############## #.#
#............# #.#
#.##########.# ##### #.#
#.####...# #.# #...###.##
#.#....#.###.# #........#
#.#.##.._..#.# #..>###..#
#.#.####.#.#.#######.## #...#
##.#.##.........@W....#####...W.
.....##.#...#.#########...
...... ##.####.##.##.# #..#
+++### #.# #.##.##.# ###..#
YZ...# #.####∩##.##.# #...#
....... #............# #...#
........ ######.#####.#####..#
... #...†.# #........# ..#
#.##### #...###..#..# ....


You could see a shadow.

Vanquished Creatures
  Sigmund (D:2)
  A vampire (D:5)
  An orc warrior (D:4)
  A sky beast (D:7)
  An ogre (D:4)
  3 centaurs
  A bullfrog (D:7)
  A centaur zombie (D:5)
  2 hounds (D:5)
  4 orc priests
  A centaur skeleton (D:4)
  Jessica (D:3)
  2 iguanas
  4 orc wizards
  A killer bee zombie (D:5)
  A hound skeleton (D:4)
  6 gnolls (D:2)
  2 adders (D:3)
  A shadow imp (D:4)
  An ufetubus (D:4)
  An adder skeleton (D:4)
  2 dart slugs
  11 orcs
  8 ball pythons
  8 endoplasms
  8 giant cockroaches
  7 goblins
  7 hobgoblins
  6 kobolds
  2 quokkas (D:5)
  6 bats
  3 frilled lizards
  9 rats
114 creatures vanquished.

Vanquished Creatures (others)
  3 orcs (D:7)
  7 plants (D:4)
10 creatures vanquished.

Grand Total: 124 creatures vanquished

Notes
Turn   | Place    | Note
-------+----------+-------------------------------------------
     0 | D:1      | Zonian the Tengu Conjurer began the quest for the Orb.
     0 | D:1      | Reached XP level 1. HP: 10/10 MP: 4/4
   145 | D:1      | Found a faded altar of an unknown god.
   155 | D:1      | Became a worshipper of Uskayaw the Reveller
   155 | D:1      | Reached * piety under Uskayaw
   540 | D:1      | Reached XP level 2. HP: 15/15 MP: 3/6
   657 | D:1      | Found Uquxovva's Antique Weapon Shop.
   671 | D:1      | Reached skill level 6 in Conjurations
  1133 | D:1      | Reached ** piety under Uskayaw
  1466 | D:2      | Reached XP level 3. HP: 19/19 MP: 1/7
  1594 | D:2      | Reached *** piety under Uskayaw
  1979 | D:2      | Reached XP level 4. HP: 24/24 MP: 5/8
  1982 | D:2      | Learned a level 2 spell: Searing Ray
  2168 | D:2      | Reached skill level 7 in Conjurations
  2457 | D:2      | Gained mutation: Your magical nature lets you fly swiftly
                  | and evasively. [Tengu growth]
  2457 | D:2      | Reached XP level 5. HP: 28/28 MP: 2/10
  2787 | D:2      | Noticed Sigmund
  2791 | D:2      | Killed Sigmund
  2792 | D:2      | Reached skill level 8 in Conjurations
  2792 | D:2      | Reached XP level 6. HP: 32/32 MP: 5/12
  3859 | D:3      | Found a stormy altar of Qazlal.
  3861 | D:3      | Noticed an air elemental
  3861 | D:3      | Noticed a water elemental
  3862 | D:3      | Noticed a fire elemental
  3941 | D:3      | Found a runed translucent door.
  3942 | D:3      | Noticed Crazy Yiuf
  4711 | D:3      | Found a hide-covered altar of Uskayaw.
  5546 | D:3      | Noticed Jessica
  5547 | D:3      | Killed Jessica
  5548 | D:3      | Reached skill level 1 in Fighting
  5730 | D:3      | Reached XP level 7. HP: 38/38 MP: 9/13
  6457 | D:4      | You are sucked into a shaft and drop 3 floors!
  6466 | D:7      | Reached skill level 9 in Conjurations
  6477 | D:7      | Reached **** piety under Uskayaw
  6498 | D:6      | Reached skill level 5 in Spellcasting
  6498 | D:6      | Reached XP level 8. HP: 12/43 MP: 2/16
  6727 | D:6      | Noticed Blork the orc
  7042 | D:5      | Entered Level 5 of the Dungeon
  7705 | D:4      | Found a white marble altar of Elyvilon.
  8030 | D:4      | Found a staircase to the Ecumenical Temple.
  8832 | D:5      | Found a blossoming altar of Fedhas.
  9076 | D:5      | Reached skill level 10 in Conjurations
  9235 | D:5      | Noticed a vampire
  9239 | D:5      | Killed a vampire
  9339 | D:5      | Noticed deletemesenpai's ghost (novice HOFi)
  9477 | D:5      | Found Rihajej's General Store.
  9480 | D:5      | Found a broken altar of Ashenzari.
  9561 | D:5      | Found a runed translucent gate.
  9561 | D:5      | Found a runed translucent gate.
  9561 | D:5      | Found a runed translucent gate.
  9667 | D:5      | Noticed a shadow
  9762 | D:5      | Slain by a shadow

Illustrated notes

Levels and vault maps discovered:
D:1:      roderic_lyre, layout_basic, hellmonk_ecumenical_altar_crossroads,
          serial_shops, shop
D:2:      layout_loops_ring, uniq_sigmund
D:3:      layout_basic, eat_drink_and_be_merry_uskayaw,
          nicolae_qazlal_style_of_elements, uniq_crazy_yiuf_cottage,
          uniq_jessica
D:4:      layout_loops_ring, nicolae_elyvilon_temple_path,
          minmay_temple_entry_fiery, minmay_misc_feat_room
D:5:      layout_loops_ring, lemuel_crystal_altar, fedhas_ov_isle_minmay,
          gammafunk_ghost_icy, serial_shops, shop
D:6:      layout_loops_ring, uniq_blork_the_orc
D:7:      layout_cave_pools, nzn_wu_jian_contemplation, lemuel_flame_loot_1,
          uniq_harold

Skill      XL: |  1  2  3  4  5  6  7  8 |
---------------+-------------------------+-----
Conjurations   | 6 7 8 9 10 | 10.2
Spellcasting   | 3 5 6 |  6.2
Fighting       | 1 |  1.9
Stealth        | 3 4 |  4.7
Dodging        | 3 |  3.1
Maces & Flails | |  0.2
Shields        | |  0.5

Action                   |  1- 3 |  4- 6 |  7- 9 || total
-------------------------+-------+-------+-------++-------
Melee: Whip              |       |    11 |    15 ||    26
       Kick              |       |     2 |     5 ||     7
       Peck              |       |     2 |     3 ||     5
 Cast: Magic Dart        |    56 |    92 |    84 ||   232
       Searing Ray       |       |     6 |    14 ||    20
  Use: Scroll            |       |     4 |     7 ||    11
 Stab: Sleeping          |       |       |     1 ||     1
Armor: Robe              |       |     1 |     2 ||     3
Dodge: Dodged            |     6 |    13 |    39 ||    58
Block: Other             |       |     2 |     8 ||    10

Table legend: (Time is in decaauts)
 A = Elapsed time spent in this place.
 B = Non-inter-level travel time spent in this place.
 C = Inter-level travel time spent in this place.
 D = Time resting spent in this place.
 E = Time spent auto-exploring this place.
 F = Levels seen in this place.
 G = Mean time per level.
                   A        B        C        D        E       F      G
               +--------+--------+--------+--------+--------+-----+--------+
         Total |   9531 |   9361 |    170 |   4995 |   3648 |   7 | 1361.6 |
       Dungeon |   9531 |   9361 |    170 |   4995 |   3648 |   7 | 1361.6 |
               +--------+--------+--------+--------+--------+-----+--------+

Top non-repeatable levels by time:
     D:3: 2478 daAuts
     D:4: 2061 daAuts
     D:1: 1780 daAuts
     D:2: 1706 daAuts
     D:5: 929 daAuts
     D:6: 541 daAuts
     D:7: 34 daAuts
